 Dungeon Crawl Stone Soup version 0.29-a0-284-gf9362112df (webtiles) character file.

Game seed: 2076822876177673564

192 atprogue the Conjurer (level 6, -18/43 HPs)
             Began as a Human Conjurer on Mar 20, 2022.
             Was an Initiate of Vehumet.
             Demolished by an ogre
             ... wielding a +0 giant club
              (29 damage)
             ... on level 4 of the Dungeon.
             The game lasted 00:42:29 (3087 turns).

atprogue the Conjurer (Human Conjurer)              Turns: 3087, Time: 00:42:30

Health: -18/43     AC:  2    Str:  7    XL:     6   Next: 2%
Magic:  4/9        EV: 12    Int: 21    God:    Vehumet [......]
Gold:   162        SH:  0    Dex: 11    Spells: 6/9 levels left

rFire   + . .      SeeInvis .   f - +2 dagger (holy)
rCold   . . .      Faith    .   (no shield)
rNeg    . . .      Spirit   .   a - +0 robe
rPois   .          Reflect  .   (no helmet)
rElec   .          Harm     .   (no cloak)
rCorr   .          Rampage  .   (no gloves)
Will    .....                   (no boots)
Stlth   ++........              (no amulet)
HPRegen 0.14/turn               m - ring of wizardry
MPRegen 0.11/turn               u - ring of protection from fire

@: no status effects
A: no striking features
a: Renounce Religion


You were on level 4 of the Dungeon.
You worshipped Vehumet.
Vehumet was noncommittal.
You visited 2 branches of the dungeon, and saw 5 of its levels.

You collected 162 gold pieces.

Inventory:

Hand Weapons
 c - a +0 dagger
 d - a +0 mace
 f - a +2 dagger of holy wrath (weapon)
 g - a +0 dagger
 h - a +0 short sword
 n - a +2 short sword of draining
 s - a +2 spear of freezing
Missiles
 o - a throwing net
 r - 15 stones
Armour
 a - a +0 robe (worn)
Jewellery
 i - an amulet of faith
 m - a ring of wizardry (left hand)
 u - a ring of protection from fire (right hand)
Wands
 k - a wand of flame (20) (quivered)
 p - a wand of digging (8)
Scrolls
 v - a scroll of identify {unknown}
Potions
 b - a potion of magic
 e - a potion of heal wounds {unknown}
 j - a potion of berserk rage {unknown}
 l - a potion of ambrosia {unknown}
 q - a potion of mutation {unknown}
 t - 2 potions of brilliance {unknown}


   Skills:
 + Level 1.6 Fighting
 + Level 2.6 Short Blades
 + Level 2.8 Dodging
 + Level 2.8 Stealth
 + Level 2.3 Spellcasting
 + Level 4.6 Conjurations


You had 6 spell levels left.
You knew the following spells:

 Your Spells              Type           Power      Damage    Failure   Level
a - Magic Dart            Conj           88%        1d7       1%          1
b - Searing Ray           Conj           44%        2d6       1%          2

Your spell library contained the following spells:

 Spells                   Type           Power      Damage    Failure   Level
 Dazzling Flash           Conj/Hex       24%        N/A       6%          3
 Fulminant Prism          Conj/Hex       6%         3d7       21%         4
 Iskenderun's Mystic Bla  Conj/Tloc      12%        2d5       21%         4
 Summon Forest            Summ/Tloc      1%         N/A       80%         5
 Summon Mana Viper        Hex/Summ       2%         N/A       80%         5
 Summon Cactus Giant      Summ           1%         N/A       100%        6


Dungeon Overview and Level Annotations

Branches:
Dungeon (4/15)             Temple (1/1) D:4

Altars:
Ashenzari
Cheibriados
Dithmenos
Elyvilon
Fedhas
Kikubaaqudgha
Makhleb
Nemelex Xobeh
Vehumet
Wu Jian
Xom


Message History

You have reached level 6!
You start resting.
Magic restored.
An endoplasm comes into view.
The endoplasm quivers.
Found a stone staircase leading down.
You hit the endoplasm.
The endoplasm is moderately wounded.
The endoplasm freezes you.
You are frozen.
You hit the endoplasm.
You kill the endoplasm!
Vehumet accepts your kill.
There is a stone staircase leading down here.
An ogre comes into view. It is wielding a +0 giant club.
A quokka comes into view.
Casting: Searing Ray (safe; 1% risk of failure)
Confirm with . or Enter, or press ? or * to list all spells.
Aiming: Searing Ray (safe; 1% risk of failure)
Press: ? - help, Shift-Dir - straight line, f - ogre
Aim: an ogre, wielding a +0 giant club (asleep, 100% to hit)
The searing ray hits the ogre.
The ogre is lightly wounded. (Press . to maintain the ray.)
The searing ray hits the ogre!
The ogre is moderately wounded.
The searing ray hits the ogre!
The ogre is severely wounded.
The ogre barely misses you.
The searing ray hits the ogre!
The ogre is almost dead.
You finish channelling your searing ray.
The quokka barely misses you.
The ogre hits you with a +0 giant club!!
* * * LOW HITPOINT WARNING * * *
The quokka closely misses you. The quokka closely misses you.
The ogre hits you with a +0 giant club!!
Ouch! That really hurt!
You die...

###### ##### #....#
#...# #....# #.#.#
#....# #######.#.#
#....# #....##.#.#
#....#
#.##.##.#.######rO..#
#..#.##.#>......@...+
##.#......#.####....#
#...###................
###.# #....############
#.######## #.#......#
#.#.###.## ########
#...###.# #......#
####....# #......#


You could see an ogre and a quokka.

Vanquished Creatures
  A howler monkey (D:4)
  An iguana (D:4)
  4 gnolls (D:4)
  4 adders
  2 dart slugs
  2 orcs (D:3)
  5 ball pythons
  4 endoplasms
  4 giant cockroaches
  2 goblins (D:1)
  6 hobgoblins
  3 quokkas
  2 bats
  6 frilled lizards
  4 kobolds (D:1)
  2 rats
52 creatures vanquished.

Notes
Turn   | Place    | Note
-------+----------+-------------------------------------------
     0 | D:1      | atprogue the Human Conjurer began the quest for the Orb.
     0 | D:1      | Reached XP level 1. HP: 13/13 MP: 3/3
   273 | D:1      | Reached XP level 2. HP: 19/19 MP: 3/5
  1026 | D:1      | Reached XP level 3. HP: 22/25 MP: 6/6
  1414 | D:2      | Learned a level 1 spell: Magic Dart
  1417 | D:2      | Learned a level 2 spell: Searing Ray
  1561 | D:2      | Found a faded altar of an unknown god.
  1702 | D:3      | Reached skill level 1 in Short Blades
  1724 | D:3      | Reached skill level 1 in Fighting
  1724 | D:3      | Reached XP level 4. HP: 31/32 MP: 7/7
  2596 | D:4      | Reached XP level 5. HP: 29/37 MP: 4/8
  2805 | D:4      | Found a staircase to the Ecumenical Temple.
  2822 | Temple   | Entered the Ecumenical Temple
  2886 | Temple   | Became a worshipper of Vehumet
  2966 | D:4      | Reached XP level 6. HP: 15/43 MP: 2/9
  3079 | D:4      | Noticed an ogre
  3087 | D:4      | Demolished by an ogre

Illustrated notes

Levels and vault maps discovered:
D:1:      minmay_arrival_solitary_statue, layout_basic
D:2:      layout_loops_ring, chequers_ecumenical_altar_simple_redux
D:3:      layout_loops_ring, kennysheep_generic_room_16
D:4:      layout_basic, minmay_temple_entry_tees
Temple:   minmay_temple_bridge_abc

Skill      XL: |  1  2  3  4 |
---------------+-------------+-----
Short Blades   | 1 2 |  2.6
Fighting       | 1 |  1.6
Dodging        | |  2.8
Stealth        | |  2.8
Spellcasting   | |  2.3
Conjurations   | |  4.6

Action                   |  1- 3 |  4- 6 || total
-------------------------+-------+-------++-------
Melee: Dagger            |    51 |    40 ||    91
       Short sword       |    25 |       ||    25
       Punch             |     1 |       ||     1
 Cast: Magic Dart        |    10 |     3 ||    13
       Searing Ray       |     2 |    15 ||    17
  Use: Scroll            |     4 |       ||     4
 Stab: Sleeping          |     2 |     1 ||     3
Armor: Robe              |     9 |     4 ||    13
Dodge: Dodged            |    45 |    31 ||    76

Table legend: (Time is in decaauts)
 A = Elapsed time spent in this place.
 B = Non-inter-level travel time spent in this place.
 C = Inter-level travel time spent in this place.
 D = Time resting spent in this place.
 E = Time spent auto-exploring this place.
 F = Levels seen in this place.
 G = Mean time per level.
                   A        B        C        D        E       F      G
               +--------+--------+--------+--------+--------+-----+--------+
         Total |   3081 |   3054 |     27 |    554 |      0 |   5 |  616.2 |
       Dungeon |   2992 |   2991 |      1 |    540 |      0 |   4 |  748.0 |
        Temple |     88 |     62 |     26 |     14 |      0 |   1 |   88.0 |
               +--------+--------+--------+--------+--------+-----+--------+

Top non-repeatable levels by time:
     D:1: 1392 daAuts
     D:3: 824 daAuts
     D:4: 538 daAuts
     D:2: 237 daAuts
  Temple: 88 daAuts
